cohdb
Replays
Latest Replays
All Replays
Popular Replays
Top Player Replays
Match Explorer
How It Works
Community
CoH3 Stats
Reddit
Sign in to upload your games and track your stats! →
Sign in with Steam
Match 41535122
Unlisted
Match 41535122
Overview
Messages
Build Orders
End
Construct Infanterie Kompanie
Selects Terror Battlegroup
Selects Machine Gun Camouflage
Grenadier Squad
MG 42 Machine Gun Team
MG 42 Machine Gun Team
Grenadier Squad
Medical Station
GrW 34 Mortar Team
Construct Panzergrenadier Kompanie
Pak 40 Anti-tank Gun Team
Panzergrenadier Squad
Construct Panzer Kompanie
Selects No Quarter
Panzer IV Medium Tank
Panzer Officer Quarters
Pak 40 Anti-tank Gun Team
Sturmpanzer IV Brummbär
Support Elements
Stoßtruppen Squad
Pioneer Squad
Nebelwerfer 42 Rocket Launcher Team
Selects King Tiger Heavy Tank
Selects King Tiger Heavy Tank
King Tiger Heavy Tank
Selects Contempt for the Weak
Selects Propaganda Leaflet Drop
Selects Propaganda Leaflet Drop
Side Skirts
Propaganda Leaflet Drop
Grenadier Squad
StuG III G Assault Gun
Selects V1 Rocket Strike
Selects V1 Rocket Strike
V1 Rocket Strike
Pioneer Squad
Brujoga10
VRomano
MADRUGA
MENGO456
Philosophical
Skylight
smurfsssss
Jd577
0
0
Comments
sign in to comment!
No comments posted yet!